 Seeded DCSS version 0.30-a0-393-g54b8e3be05 (webtiles) character file.

Game seed: 11916014755159813444 (custom seed)

13539 flotson the Skirmisher (level 11, -8/86 HPs)
             Began as a Demonspawn Delver on Dec 5, 2022.
             Was an Initiate of Hepliaklqana.
             Mangled by a catoblepas (25 damage)
             ... on level 1 of the Lair of Beasts.
             The game lasted 00:22:33 (10649 turns).

flotson the Skirmisher (Demonspawn Delver)         Turns: 10649, Time: 00:22:33

Health: -8/86      AC: 19    Str: 22    XL:     11   Next: 76%
Magic:  11/11      EV: 13    Int: 11    God:    Hepliaklqana [......]
Gold:   1848       SH: 12    Dex: 16    Spells: 10/10 levels left

rFire   + + +      SeeInvis .    a - +9 sling "Piaro" {drain, rN+}
rCold   + + .      Faith    .    V - +2 shield of Resistance {rF++ rC++ Will++}
rNeg    + . .      Spirit   .    O - +1 chain mail {rF+}
rPois   .          Reflect  .    d - +0 helmet
rElec   .          Harm     .    E - +2 cloak {rCorr}
rCorr   +          Rampage  .    m - +0 pair of gloves
Will    +....                    f - +0 pair of boots
Stlth   ..........               (no amulet)
HPRegen 0.34/turn                r - +6 ring of strength
MPRegen 0.24/turn                K - +4 ring of evasion

@: weak-willed, studying Fighting
A: foul stench 2, magic regeneration, demonic touch 2
a: Renounce Religion


You were on level 1 of the Lair of Beasts.
You worshipped Hepliaklqana.
Hepliaklqana was noncommittal.
You visited 3 branches of the dungeon, and saw 12 of its levels.

You collected 2051 gold pieces.
You spent 96 gold pieces at shops.
You paid 107 gold pieces to Gozag.

Inventory:

Hand Weapons
 a - the +9 sling "Piaro" (weapon) {drain, rN+}
   (You found it on level 3 of the Dungeon)

   A truly terrible weapon, it drains the life of any living foe it strikes.
   rN:        It protects you from negative energy.
 b - a +4 trident
Missiles
 l - 3 boomerangs
 n - 31 poisoned darts
 q - 3 throwing nets
 J - 2 curare-tipped darts
Armour
 d - a +0 helmet (worn)
 f - a +0 pair of boots (worn)
 m - a +0 pair of gloves (worn)
 E - a +2 cloak of preservation (worn)
 O - a +1 chain mail of fire resistance (worn)
 V - the +2 shield of Resistance (worn) {rF++ rC++ Will++}
   (You found it on level 8 of the Dungeon)

   rF:        It greatly protects you from fire.
   rC:        It greatly protects you from cold.
   Will:      It greatly increases your willpower.
Jewellery
 r - a +6 ring of strength (left hand)
 K - a +4 ring of evasion (right hand)
Wands
 g - a wand of digging (7)
 t - a wand of paralysis (17)
 B - a wand of mindburst (8)
 R - a wand of polymorph (12)
Scrolls
 c - 3 scrolls of fog
 e - 4 scrolls of noise {unknown}
 j - 2 scrolls of fear
 p - 4 scrolls of vulnerability
 s - 4 scrolls of immolation {unknown}
 u - a scroll of silence {unknown}
 y - a scroll of enchant armour {unknown}
 A - 6 scrolls of teleportation {unknown}
 F - 5 scrolls of identify
 G - a scroll of magic mapping
 H - 2 scrolls of acquirement {unknown}
 M - a scroll of enchant weapon {unknown}
 S - a scroll of blinking {unknown}
 U - 2 scrolls of poison {unknown}
Potions
 h - a potion of invisibility {unknown}
 i - 5 potions of heal wounds
 k - a potion of resistance {unknown}
 o - a potion of mutation {unknown}
 v - a potion of berserk rage {unknown}
 w - 2 potions of haste
 x - a potion of might
 z - a potion of ambrosia {unknown}
 D - 3 potions of lignification {unknown}
 I - a potion of cancellation {unknown}
 N - a potion of curing {unknown}
 P - a potion of flight {unknown}
 Q - 3 potions of degeneration {unknown}


   Skills:
 - Level 7.9 Fighting
 - Level 1.7 Polearms
 - Level 8.5 Ranged Weapons
 - Level 5.5 Throwing
 + Level 8.0 Armour
 - Level 6.2 Dodging
 - Level 5.0 Stealth
 - Level 4.9 Shields
 - Level 6.4 Evocations


You had 10 spell levels left.
You didn't know any spells.
Your spell library contained the following spells:

 Spells                   Type           Power      Damage    Failure   Level
 Beastly Appendage        Tmut           0%         N/A       100%        1
 Blink                    Tloc           0%         N/A       100%        2
 Momentum Strike          Conj/Tloc      0%         3d8       100%        2
 Wereblood                Tmut           0%         N/A       100%        2
 Gell's Gravitas          Tloc           0%         N/A       100%        3
 Lesser Beckoning         Tloc           0%         N/A       100%        3
 Spider Form              Tmut/Pois      0%         N/A       100%        3
 Teleport Other           Tloc           0%         N/A       100%        3


Dungeon Overview and Level Annotations

Branches:
Dungeon (10/15)            Temple (1/1) D:6            Lair (1/5) D:10
    Orc: D:9-12

Altars:
Ashenzari
Cheibriados
Dithmenos
Fedhas
Gozag
Hepliaklqana
Kikubaaqudgha
Makhleb
Nemelex Xobeh
Okawaru
Qazlal
Ru
Sif Muna
Trog
Uskayaw
Vehumet
Wu Jian
Xom
Yredelemnul

Shops:
D:3 (   D:6 [   D:8 (**(


Innate Abilities, Weirdness & Mutations

You sometimes emit foul miasma when damaged in melee.
You regenerate magic rapidly.
Your touch may inflict irresistible damage on your foes.


Message History

Gozag incites the catoblepas against you.
The catoblepas bellows!
The catoblepas goes berserk!
You hear a bellow! x2
The catoblepas moves out of view.
You shoot a sling bullet. The sling bullet hits the yak!
You drain the yak.
The yak is moderately wounded.
The yak gores you!
You shoot a sling bullet. The sling bullet hits the yak!
You drain the yak.
The yak is heavily wounded.
The yak gores you!
You hear a bellow!
You block the yak's attack. The yak misses you.
Unknown command.
You shoot a sling bullet. The sling bullet hits the yak.
The yak is heavily wounded.
The yak misses you. The yak gores you but does no damage.
Unknown command.
You shoot a sling bullet. The sling bullet hits the yak!
The yak is severely wounded.
You block the yak's attack.
The catoblepas rages.
The yak misses you. The catoblepas gores you!!!
Ouch! That really hurt!
* * * LOW HITPOINT WARNING * * *
The yak barely misses you.
You are too injured to fight recklessly!
Unknown command.
You can't see any enemies this would affect, really read the scroll of fear?
Okay, then.
Unknown command.
As you read the scroll labelled MIBYONAULU, it crumbles to dust.
Magic quickly surges around you.
It was a scroll of vulnerability.
The yak closely misses you. You block the catoblepas's attack.
The yak gores you.
* * * LOW HITPOINT WARNING * * *
You emit a cloud of foul miasma!
The yak gores you but does no damage. Gozag petitions for your drink to fail.
The catoblepas gores you!!
You die...

..........#
........#...# .....
#....## .#...###...#
#....###..### ..
#.....#...#.## ... #...
#..P....#
...###..Y##........#
......#...@Y........P#
.#.[....##Y.#......##
.......#...#...####
.....##.##.......#.###
.#♣.>.♣#..##P........#
.#.....#.......##....#
..#....#..#....##....#
......######.†###....#
##.....###.....##....##


You could see a catoblepas (berserk, incited, weak-willed) and 2 yaks.

Vanquished Creatures
  2 centaur warriors (D:8)
  An oklob plant (D:3)
  A manticore (D:7)
  An elephant (D:10)
  A cane toad (Lair:1)
  2 komodo dragons (Lair:1)
  A kobold demonologist (D:8)
  A polar bear (Lair:1)
  A troll (D:9)
  A hornet (D:6)
  4 blink frogs (Lair:1)
  15 yaks
  A wraith (D:10)
  5 wyverns
  3 basilisks
  A steam dragon (D:6)
  3 vampire mosquitoes (D:10)
  2 acid dragons
  5 water moccasins
  An ice beast (D:8)
  4 orc warriors
  2 sky beasts
  2 ogres
  5 centaurs
  3 kobold brigands
  3 bullfrogs
  3 scorpions
  2 gnoll sergeants (D:8)
  14 wights
  5 killer bees (D:8)
  4 howler monkeys (D:7)
  4 jellies
  3 hounds
  5 orc priests
  Crazy Yiuf (D:5)
  2 gnoll boudas
  An iguana (D:7)
  10 orc wizards
  An iguana (shapeshifter) (D:8)
  16 gnolls
  4 adders
  A shadow imp (D:8)
  A white imp (D:5)
  An ufetubus (D:7)
  A dart slug (D:1)
  4 worms
  36 orcs
  6 ball pythons
  4 endoplasms
  9 giant cockroaches
  4 goblins
  10 hobgoblins
  2 jackals (D:3)
  4 quokkas
  11 bats
  3 frilled lizards
  26 kobolds
  4 rats
273 creatures vanquished.

Vanquished Creatures (others)
  An orc priest (D:7)
  5 fungi
  4 plants
10 creatures vanquished.

Grand Total: 283 creatures vanquished

Notes
Turn   | Place    | Note
-------+----------+-------------------------------------------
     0 | D:5      | flotson the Demonspawn Delver began the quest for the Orb.
     0 | D:5      | Reached XP level 1. HP: 18/18 MP: 1/1
    56 | D:5      | Noticed a water moccasin
    93 | D:4      | Noticed a gnoll bouda
   199 | D:3      | Gained mutation: Your touch may inflict minor irresistible
                  | damage on your foes. [demonic ancestry]
   199 | D:3      | Reached XP level 2. HP: 24/24 MP: 2/2
   272 | D:3      | Identified the +1 helmet of the Desolation of Salt {-Tele
                  | rC+++ Str+3 Int+3}
   292 | D:3      | Identified the +9 sling "Piaro" {drain, rN+}
   354 | D:2      | Found a basalt altar of Yredelemnul.
   401 | D:2      | Reached skill level 1 in Evocations
   401 | D:2      | Gained mutation: You regenerate magic rapidly. [demonic
                  | ancestry]
   401 | D:2      | Reached XP level 3. HP: 29/29 MP: 3/3
   569 | D:1      | Reached skill level 1 in Armour
   919 | D:1      | Reached XP level 4. HP: 35/35 MP: 4/4
  1213 | D:2      | Reached skill level 1 in Ranged Weapons
  1415 | D:3      | Found a broken altar of Ashenzari.
  1553 | D:3      | Found Sonwivuc's Antique Weapon Boutique.
  1711 | D:3      | Found a blossoming altar of Fedhas.
  1723 | D:3      | Noticed an oklob plant
  2037 | D:3      | Killed an oklob plant
  2038 | D:3      | Reached skill level 1 in Throwing
  2038 | D:3      | Reached skill level 5 in Stealth
  2038 | D:3      | Gained mutation: Your touch may inflict irresistible damage
                  | on your foes. [demonic ancestry]
  2038 | D:3      | Reached XP level 5. HP: 42/42 MP: 5/5
  2038 | D:3      | Reached XP level 6. HP: 48/48 MP: 6/6
  2217 | D:4      | Gained mutation: You may rarely emit foul miasma when
                  | damaged in melee. [demonic ancestry]
  2217 | D:4      | Reached XP level 7. HP: 54/54 MP: 7/7
  3124 | D:5      | Reached XP level 8. HP: 27/61 MP: 8/8
  3283 | D:5      | Found an ornate altar of the Wu Jian Council.
  3430 | D:5      | Found a runed translucent door.
  3431 | D:5      | Noticed Crazy Yiuf
  3441 | D:5      | Killed Crazy Yiuf
  3727 | D:5      | Found a sparkling altar of Nemelex Xobeh.
  3727 | D:5      | Found a transporter.
  3787 | D:5      | Reached skill level 1 in Shields
  3911 | D:6      | Found Nuhem's Antique Armour Emporium.
  3931 | D:6      | Noticed a hornet
  3936 | D:6      | Killed a hornet
  3937 | D:6      | Reached skill level 5 in Fighting
  4030 | D:6      | Found a staircase to the Ecumenical Temple.
  4038 | Temple   | Entered the Ecumenical Temple
  4199 | Temple   | Became a worshipper of Gozag Ym Sagoz the Greedy
  4311 | D:6      | Reached skill level 5 in Ranged Weapons
  4503 | D:6      | Gained mutation: You sometimes emit foul miasma when
                  | damaged in melee. [demonic ancestry]
  4503 | D:6      | Reached XP level 9. HP: 60/68 MP: 9/9
  4578 | D:6      | Found a snail-covered altar of Cheibriados.
  4690 | D:6      | Found a hazy altar of Hepliaklqana.
  4738 | D:6      | Found a shadowy altar of Dithmenos.
  5812 | D:7      | Noticed a manticore
  5817 | D:7      | Killed a manticore
  5972 | D:8      | Found Pulirueti's Antique Weapon Emporium.
  5975 | D:8      | Found the +2 shield of Resistance {rF++ rC++ Will++}
  5980 | D:8      | Noticed a rime drake
  5983 | D:8      | a rime drake changed into an iguana
  6034 | D:8      | Reached skill level 5 in Dodging
  6099 | D:8      | Reached skill level 5 in Evocations
  6116 | D:8      | Reached XP level 10. HP: 76/76 MP: 10/10
  6239 | D:8      | Found Enubaeba's Assorted Antiques.
  6245 | D:8      | Bought a scroll labelled ZITUVV USTREONN for 26 gold pieces
  6245 | D:8      | Bought a fizzy clear potion for 23 gold pieces
  6245 | D:8      | Bought a fizzy silvery potion for 23 gold pieces
  6264 | D:8      | Noticed a centaur warrior
  6272 | D:8      | Found Cathrid's Weapon Emporium.
  6720 | D:8      | Found Buutyreth's General Store.
  6725 | D:8      | Bought a scroll of identify for 24 gold pieces
  6776 | D:8      | Killed a centaur warrior
  6792 | D:8      | Reached skill level 5 in Armour
  7099 | D:8      | Noticed a centaur warrior
  7106 | D:8      | Killed a centaur warrior
  7107 | D:8      | Reached skill level 5 in Throwing
  8755 | D:10     | Entered Level 10 of the Dungeon
  8772 | D:10     | Reached XP level 11. HP: 79/84 MP: 11/11
  9148 | D:10     | Found a staircase to the Lair.
  9486 | D:10     | Found a stormy altar of Qazlal.
  9486 | D:10     | Found a basalt altar of Yredelemnul.
  9486 | D:10     | Found a sacrificial altar of Ru.
  9751 | D:6      | Fell from the grace of Gozag
  9751 | D:6      | Became a worshipper of Hepliaklqana the Forgotten
  9884 | Lair:1   | Entered Level 1 of the Lair of Beasts
 10643 | Lair:1   | Noticed a catoblepas
 10649 | Lair:1   | Mangled by a catoblepas

Illustrated notes

Levels and vault maps discovered:
D:1:      scummos_arrival_star, layout_basic
D:2:      layout_rooms, basic_altar
D:3:      layout_basic, general_overflow_altar, tgw_fedhas, serial_shops, shop
D:4:      layout_basic
D:5:      layout_loops_ring, grunt_nemelex_the_gamble, amcnicky_altar_gilded,
          tso_altar, uniq_crazy_yiuf_cottage
D:6:      layout_loops_ring, lemuel_round_altar, mainiacjoe_overflow_alcove_1,
          mainiacjoe_overflow_alcove_4, minmay_temple_entry_junction_2,
          serial_shops, nicolae_shop_overgrown_old_shop
D:7:      layout_basic, minmay_small_thing
D:8:      minmay_opposing_rooms, layout_basic, serial_shops,
          nicolae_shop_advertising_works [nicolae_subvault_shop_adworks],
          nicolae_shop_hallway_plus, nicolae_shop_bloodbath_and_beyond,
          nicolae_take_the_stairs, minmay_manual_moon
D:9:      layout_layer_cave, minmay_orc_keep
D:10:     layout_loops_ring, gammafunk_temple_overflow_forgotten,
          david_lair_generic
Temple:   minmay_temple_curvy_loop
Lair:1:   layout_misc_corridors, st_stairs_7, grunt_megastairs_1

Skill      XL: |  1  2  3  4  5  6  7  8  9 10 11 |
---------------+----------------------------------+-----
Dodging        | 2 3 4 5 6 |  6.2
Evocations     | 1 2 3 4 5 6 |  6.4
Armour         | 1 2 3 4 5 8 |  8.0
Ranged Weapons | 3 4 5 6 7 8 |  8.5
Fighting       | 4 5 6 7 |  7.9
Throwing       | 1 2 3 4 5 |  5.5
Stealth        | 5 |  5.0
Shields        | 2 3 4 |  4.9
Polearms       | |  1.7

Action                   |  1- 3 |  4- 6 |  7- 9 | 10-12 || total
-------------------------+-------+-------+-------+-------++-------
Melee: Long sword        |     6 |       |       |       ||     6
       Flail             |    16 |       |       |       ||    16
       Touch             |     2 |       |       |       ||     2
 Fire: Sling             |    60 |    49 |   284 |   438 ||   831
Evoke: Wand              |     1 |       |       |     1 ||     2
  Use: Scroll            |     2 |       |       |     2 ||     4
       Potion            |     1 |       |       |       ||     1
Armor: Chain mail        |    37 |       |       |   117 ||   154
       Ring mail         |     3 |     4 |    38 |     6 ||    51
Dodge: Dodged            |    16 |     5 |    94 |   191 ||   306
Block: Buckler           |       |       |    36 |    35 ||    71
       Kite shield       |       |       |       |   126 ||   126

Table legend: (Time is in decaauts)
 A = Elapsed time spent in this place.
 B = Non-inter-level travel time spent in this place.
 C = Inter-level travel time spent in this place.
 D = Time resting spent in this place.
 E = Time spent auto-exploring this place.
 F = Levels seen in this place.
 G = Mean time per level.
                   A        B        C        D        E       F      G
               +--------+--------+--------+--------+--------+-----+--------+
         Total |  11001 |  10166 |    835 |    153 |   7867 |  12 |  916.8 |
       Dungeon |  10057 |   9252 |    805 |    153 |   7111 |  10 | 1005.7 |
        Temple |    190 |    161 |     29 |      0 |    152 |   1 |  190.0 |
          Lair |    752 |    752 |      0 |      0 |    604 |   1 |  752.0 |
               +--------+--------+--------+--------+--------+-----+--------+

Top non-repeatable levels by time:
     D:9: 1504 daAuts
     D:8: 1322 daAuts
     D:7: 1290 daAuts
     D:5: 1224 daAuts
    D:10: 1055 daAuts
     D:3: 922 daAuts
     D:6: 902 daAuts
  Lair:1: 752 daAuts
     D:4: 752 daAuts
     D:1: 644 daAuts
     D:2: 438 daAuts
  Temple: 190 daAuts
